PAAA
MILTON DOGFISH HEAD @ TORTOLITA DRUMMERS
07/16/2031
 
TOP OF THE 1ST
Milton Dogfish Head batting - Pitching for Tortolita Drummers : RHP Gustavo Pérez
Pitching: RHP Gustavo Pérez
Batting: RHB Ed Lastinger 0-0: Ball
1-0: Called Strike
1-1: Ball
2-1: SINGLE (Line Drive, 6D)
Batting: RHB Leo Cadden 0-0: SINGLE (Line Drive, 7S)
Ed Lastinger to second
Batting: SHB Pedro Gómez 0-0: Ball
1-0: Ball
2-0: Called Strike
2-1: Called Strike
2-2: Grounds into double play, 5-4-3 (Groundball, 56)
Ed Lastinger to third
Batting: RHB Enrique Rocha 0-0: Ball
1-0: Called Strike
1-1: Ball
2-1: Ground out 6-3 (Groundball, 6)
Top of the 1st over - 0 runs, 2 hits, 0 errors, 1 left on base; Milton 0 - Tortolita 0
BOTTOM OF THE 1ST
Tortolita Drummers batting - Pitching for Milton Dogfish Head : RHP Luis Torrez
Pitching: RHP Luis Torrez
Batting: RHB Sean Godron 0-0: Ball
1-0: Called Strike
1-1: Foul Ball, location: 2F
1-2: Strikes out swinging
Batting: RHB Ricardo Pacheco 0-0: Called Strike
0-1: Ball
1-1: Ball
2-1: Ball
3-1: Base on Balls
Batting: LHB Steve Costillo 0-0: Foul Ball, location: 2F
0-1: Called Strike
0-2: Strikes out looking
Batting: RHB Rich Flannery 0-0: Ball
1-0: Called Strike
1-1: Foul Ball, location: 2F
1-2: Fly out, F7 (Flyball, 7S)
Bottom of the 1st over - 0 runs, 0 hits, 0 errors, 1 left on base; Milton 0 - Tortolita 0
TOP OF THE 2ND
Milton Dogfish Head batting - Pitching for Tortolita Drummers : RHP Gustavo Pérez
Batting: LHB Edward Woodstock 0-0: Ball
1-0: Called Strike
1-1: Called Strike
1-2: SINGLE (Line Drive, 89S)
Batting: RHB Yves Girard 0-0: Ball
1-0: Foul Ball, location: 2F
1-1: Called Strike
1-2: Foul Ball, location: 2F
1-2: Foul Ball, location: 2F
1-2: Foul Ball, location: 2F
1-2: SINGLE (Groundball, 56D)
Edward Woodstock to second
Batting: RHB Lorenzo Rosas 0-0: Called Strike
0-1: Called Strike
0-2: Ball
1-2: Ball
2-2: Foul Ball, location: 2F
2-2: Strikes out swinging
Batting: SHB Shoin Takuda 0-0: Ball
1-0: Fly out, F4 (Line Drive, 34)
Batting: SHB Enrique Costello 0-0: Foul Ball, location: 2F
0-1: Fielders Choice at 2nd, 6-4 (Groundball, 6)
Top of the 2nd over - 0 runs, 2 hits, 0 errors, 2 left on base; Milton 0 - Tortolita 0
BOTTOM OF THE 2ND
Tortolita Drummers batting - Pitching for Milton Dogfish Head : RHP Luis Torrez
Batting: LHB Bernardo Elías 0-0: Ball
1-0: Foul Ball, location: 2F
1-1: Ball
2-1: SINGLE (Line Drive, 7S)
Batting: RHB Orlando Montoya 0-0: Fly out, F8 (Flyball, 8LD)
Batting: RHB Vincent Klein 0-0: Ball
1-0: Ball
2-0: Called Strike
2-1: Called Strike
2-2: Foul Ball, location: 2F
2-2: Foul Ball, location: 2F
2-2: Ball
3-2: Foul Ball, location: 2F
3-2: Fly out, F5 (Line Drive, 5)
Lined into DP, 5-3 (Line Drive, 5)
Bottom of the 2nd over - 0 runs, 1 hit, 0 errors, 0 left on base; Milton 0 - Tortolita 0
TOP OF THE 3RD
Milton Dogfish Head batting - Pitching for Tortolita Drummers : RHP Gustavo Pérez
Batting: RHB Ed Lastinger 0-0: Ball
1-0: Swinging Strike
1-1: Foul Ball, location: 2F
1-2: SINGLE (Flyball, 8LS)
Batting: RHB Leo Cadden 0-0: Ball
1-0: Called Strike
1-1: Ball
2-1: Swinging Strike
2-2: Strikes out swinging
Batting: SHB Pedro Gómez 0-0: Ball
1-0: Swinging Strike
1-1: Ball
2-1: SINGLE (Groundball, 4MD)
Ed Lastinger to second
Batting: RHB Enrique Rocha 0-0: Fly out, F8 (Line Drive, 8LD)
Batting: LHB Edward Woodstock 0-0: Swinging Strike
0-1: Hit by Pitch
Ed Lastinger to third
Pedro Gómez to second
Batting: RHB Yves Girard 0-0: Ball
1-0: Ball
2-0: Ball
3-0: Called Strike
3-1: Called Strike
3-2: Foul Ball, location: 2F
3-2: Ground out 4-3 (Groundball, 4)
Top of the 3rd over - 0 runs, 2 hits, 0 errors, 3 left on base; Milton 0 - Tortolita 0
BOTTOM OF THE 3RD
Tortolita Drummers batting - Pitching for Milton Dogfish Head : RHP Luis Torrez
Batting: RHB Alan Elder 0-0: Called Strike
0-1: Called Strike
0-2: Foul Ball, location: 2F
0-2: Ball
1-2: SINGLE (Flyball, 78M)
Batting: RHB Iván Chacón 0-0: Foul Ball, location: 2F
0-1: Ball
1-1: Ball
2-1: Swinging Strike
2-2: Foul Ball, location: 2F
2-2: Hit by Pitch
Alan Elder to second
Pinch Runner at 1st Santo Alba:
Batting: RHB Sean Godron 0-0: Fly out, F9 (Flyball, 9)
Batting: RHB Ricardo Pacheco 0-0: Foul Ball, location: 2F
0-1: Ball
1-1: Called Strike
1-2: Foul Ball, location: 2F
1-2: Foul Ball, location: 2F
1-2: Strikes out looking
Batting: LHB Steve Costillo 0-0: Called Strike
0-1: Swinging Strike
0-2: Foul Ball, location: 2F
0-2: Foul Ball, location: 2F
0-2: Ball
1-2: Ball
Wild Pitch!
Alan Elder to third
Santo Alba to second
2-2: Ball
3-2: Base on Balls
Batting: RHB Rich Flannery 0-0: Ball
1-0: Ball
2-0: GRAND SLAM HOME RUN (Flyball, 89XD), Distance : 427 ft
Batting: LHB Bernardo Elías 0-0: Ball
1-0: Swinging Strike
1-1: TRIPLE (Flyball, 8LXD)
Batting: RHB Orlando Montoya 0-0: Ball
1-0: Ground out 5-3 (Groundball, 56S)
Bottom of the 3rd over - 4 runs, 3 hits, 0 errors, 1 left on base; Milton 0 - Tortolita 4
TOP OF THE 4TH
Milton Dogfish Head batting - Pitching for Tortolita Drummers : RHP Gustavo Pérez
Now at 3B: Santo Alba
Batting: RHB Lorenzo Rosas 0-0: Foul Ball, location: 2F
0-1: Foul Ball, location: 2F
0-2: Fly out, F7 (Flyball, 7LM)
Batting: SHB Shoin Takuda 0-0: Called Strike
0-1: Ball
1-1: Foul Ball, location: 2F
1-2: SINGLE (Line Drive, 6MD)
Batting: SHB Enrique Costello 0-0: Ball
1-0: Swinging Strike
1-1: Swinging Strike
1-2: Strikes out swinging
Batting: RHB Ed Lastinger 0-0: Ball
1-0: Fly out, F4 (Flyball, 34D)
Top of the 4th over - 0 runs, 1 hit, 0 errors, 1 left on base; Milton 0 - Tortolita 4
BOTTOM OF THE 4TH
Tortolita Drummers batting - Pitching for Milton Dogfish Head : RHP Luis Torrez
Batting: RHB Vincent Klein 0-0: Foul Ball, location: 2F
0-1: Ground out 1-3 (Groundball, P)
Batting: RHB Alan Elder 0-0: Fly out, F7 (Flyball, 7D)
Batting: RHB Santo Alba 0-0: Foul Ball, location: 2F
0-1: Ball
1-1: Foul Ball, location: 2F
1-2: Foul Ball, location: 2F
1-2: Ball
2-2: Ground out 4-3 (Groundball, 4)
Bottom of the 4th over - 0 runs, 0 hits, 0 errors, 0 left on base; Milton 0 - Tortolita 4
TOP OF THE 5TH
Milton Dogfish Head batting - Pitching for Tortolita Drummers : RHP Gustavo Pérez
Batting: RHB Leo Cadden 0-0: Ground out 5-3 (Groundball, 2L)
Batting: SHB Pedro Gómez 0-0: Called Strike
0-1: Ball
1-1: Fly out, F8 (Flyball, 8LM)
Batting: RHB Enrique Rocha 0-0: Called Strike
0-1: Foul Ball, location: 2F
0-2: SINGLE (Flyball, 9S)
Batting: LHB Edward Woodstock 0-0: Ball
1-0: Ball
Enrique Rocha steals 2nd base
2-0: Ball
3-0: Called Strike
3-1: DOUBLE (Flyball, 89D)
Enrique Rocha scores
Batting: RHB Yves Girard 0-0: Ball
1-0: Ball
2-0: Foul Ball, location: 2F
2-1: Foul Ball, location: 2F
2-2: Fly out, F7 (Flyball, 7S)
Top of the 5th over - 1 run, 2 hits, 0 errors, 1 left on base; Milton 1 - Tortolita 4
BOTTOM OF THE 5TH
Tortolita Drummers batting - Pitching for Milton Dogfish Head : RHP Luis Torrez
Batting: RHB Sean Godron 0-0: Foul Ball, location: 2F
0-1: Called Strike
0-2: Ball
1-2: Foul Ball, location: 2F
1-2: Ground out 6-3 (Groundball, 6)
Batting: RHB Ricardo Pacheco 0-0: Called Strike
0-1: Foul Ball, location: 2F
0-2: SINGLE (Groundball, 34D)
Pitching: RHP Ronaldo Matos
Batting: LHB Steve Costillo 0-0: Ground out U3 (Groundball, 34)
Ricardo Pacheco to second
Batting: RHB Rich Flannery 0-0: Ball
1-0: Foul Ball, location: 2F
1-1: Ball
2-1: Ground out 6-3 (Groundball, 6)
Bottom of the 5th over - 0 runs, 1 hit, 0 errors, 1 left on base; Milton 1 - Tortolita 4
TOP OF THE 6TH
Milton Dogfish Head batting - Pitching for Tortolita Drummers : RHP Gustavo Pérez
Batting: RHB Lorenzo Rosas 0-0: Called Strike
0-1: Foul Ball, location: 2F
0-2: Ball
1-2: Strikes out swinging
Batting: SHB Shoin Takuda 0-0: Ball
1-0: Called Strike
1-1: Ball
2-1: Swinging Strike
2-2: Ball
3-2: Strikes out looking
Batting: SHB Enrique Costello 0-0: Ball
1-0: Swinging Strike
1-1: Foul Ball, location: 2F
1-2: Ball
2-2: Ball
3-2: SINGLE (Flyball, 7S)
Pitching: RHP César Manoel
Batting: RHB Ed Lastinger 0-0: Foul Ball, location: 2F
0-1: Ball
1-1: Foul Ball, location: 2F
1-2: Ball
2-2: Ball
Enrique Costello steals 2nd base
3-2: Foul Ball, location: 2F
3-2: Foul Ball, location: 2F
3-2: Foul Ball, location: 2F
3-2: Fly out, F8 (Flyball, 8RD)
Top of the 6th over - 0 runs, 1 hit, 0 errors, 1 left on base; Milton 1 - Tortolita 4
BOTTOM OF THE 6TH
Tortolita Drummers batting - Pitching for Milton Dogfish Head : RHP Ronaldo Matos
Batting: LHB Bernardo Elías 0-0: Ball
1-0: Ball
2-0: Foul Ball, location: 2F
2-1: Ball
3-1: Fly out, F7 (Line Drive, 7)
Batting: RHB Orlando Montoya 0-0: Ball
1-0: Ball
2-0: Called Strike
2-1: SINGLE (Groundball, 23) (infield hit)
Batting: RHB Vincent Klein 0-0: Called Strike
0-1: Called Strike
0-2: Ball
Orlando Montoya steals 2nd base
1-2: Ball
2-2: Ball
3-2: Base on Balls
Batting: RHB Alan Elder 0-0: Ball
1-0: Called Strike
1-1: Ball
2-1: Foul Ball, location: 2F
2-2: Grounds into double play, 4-6-3 (Groundball, 4)
Bottom of the 6th over - 0 runs, 1 hit, 0 errors, 1 left on base; Milton 1 - Tortolita 4
TOP OF THE 7TH
Milton Dogfish Head batting - Pitching for Tortolita Drummers : RHP César Manoel
Batting: RHB Leo Cadden 0-0: Ball
1-0: Swinging Strike
1-1: DOUBLE (Line Drive, 78D)
Batting: SHB Pedro Gómez 0-0: Swinging Strike
0-1: Ball
1-1: Called Strike
1-2: Strikes out swinging
Batting: RHB Enrique Rocha 0-0: Ball
1-0: Ball
2-0: DOUBLE (Line Drive, 8LXD)
Leo Cadden scores
Batting: LHB Edward Woodstock 0-0: Ball
1-0: Ball
Wild Pitch!
Enrique Rocha to third
2-0: Ball
3-0: Base on Balls
Pinch Hitting: SHB Juan Carlos Santos 0-0: Called Strike
0-1: Fielders Choice at 2nd, 1-6 (Groundball, 13S)
Batting: RHB Lorenzo Rosas 0-0: Ground out U3 (Groundball, 34)
Top of the 7th over - 1 run, 2 hits, 0 errors, 2 left on base; Milton 2 - Tortolita 4
BOTTOM OF THE 7TH
Tortolita Drummers batting - Pitching for Milton Dogfish Head : RHP Ronaldo Matos
Now at SS: Jack Sutherland
Batting: RHB Santo Alba 0-0: Foul Ball, location: 2F
0-1: Ball
1-1: Ball
2-1: Fly out, F5 (Line Drive, 5)
Batting: RHB Sean Godron 0-0: Ball
1-0: Ball
2-0: Ball
3-0: Base on Balls
Batting: RHB Ricardo Pacheco 0-0: Called Strike
0-1: Ball
1-1: Ball
2-1: Swinging Strike
2-2: Strikes out swinging
Batting: LHB Steve Costillo 0-0: Ball
Sean Godron steals 2nd base
1-0: Called Strike
1-1: Ball
2-1: Swinging Strike
2-2: SINGLE (Flyball, 7LM)
Sean Godron to third
Runner from 3rd tries for Home, SAFE, no throw
Batting: RHB Rich Flannery 0-0: Ball
1-0: Ball
2-0: Fielders Choice at 2nd, 6-4 (Groundball, 6)
Bottom of the 7th over - 1 run, 1 hit, 0 errors, 1 left on base; Milton 2 - Tortolita 5
TOP OF THE 8TH
Milton Dogfish Head batting - Pitching for Tortolita Drummers : RHP César Manoel
Batting: SHB Shoin Takuda 0-0: Foul Ball, location: 2F
0-1: Ball
1-1: Ball
2-1: Fly out, F7 (Line Drive, 7)
Batting: SHB Enrique Costello 0-0: Swinging Strike
0-1: Called Strike
0-2: Strikes out looking
Batting: RHB Ed Lastinger 0-0: Ball
1-0: Ball
2-0: Foul Ball, location: 2F
2-1: Swinging Strike
2-2: Ground out 1-3 (Groundball, P)
Top of the 8th over - 0 runs, 0 hits, 0 errors, 0 left on base; Milton 2 - Tortolita 5
BOTTOM OF THE 8TH
Tortolita Drummers batting - Pitching for Milton Dogfish Head : RHP Ronaldo Matos
Batting: LHB Bernardo Elías 0-0: Ground out 5-3 (Groundball, 5)
Batting: RHB Orlando Montoya 0-0: Ball
1-0: Foul Ball, location: 2F
1-1: Fly out, F7 (Flyball, 7S)
Batting: RHB Vincent Klein 0-0: Called Strike
0-1: Ball
1-1: Ball
2-1: Foul Ball, location: 2F
2-2: Ball
3-2: Base on Balls
Batting: RHB Alan Elder 0-0: Fly out, F8 (Flyball, 8LM)
Bottom of the 8th over - 0 runs, 0 hits, 0 errors, 1 left on base; Milton 2 - Tortolita 5
TOP OF THE 9TH
Milton Dogfish Head batting - Pitching for Tortolita Drummers : RHP César Manoel
Pitching: RHP Kyle Buckman
Batting: RHB Leo Cadden 0-0: Ball
1-0: Foul Ball, location: 2F
1-1: Foul Ball, location: 2F
1-2: Ball
2-2: Foul Ball, location: 2F
2-2: Foul Ball, location: 2F
2-2: Ball
3-2: Base on Balls
Batting: SHB Pedro Gómez 0-0: SINGLE (Groundball, 4MD)
Leo Cadden to second
Batting: RHB Enrique Rocha 0-0: Ball
1-0: Ball
2-0: SINGLE (Groundball, 34D)
Leo Cadden to third
Pedro Gómez to second
Batting: LHB Edward Woodstock 0-0: Called Strike
0-1: Ball
1-1: Ball
2-1: Foul Ball, location: 2F
2-2: Strikes out swinging
Batting: LHB Jack Sutherland 0-0: Foul Ball, location: 2F
0-1: Ball
1-1: Grounds into fielders choice 1-2 (Groundball, 13)
Pedro Gómez to third
Enrique Rocha to second
Batting: RHB Lorenzo Rosas 0-0: Called Strike
0-1: Ball
1-1: Ball
2-1: Ball
3-1: Base on Balls
Pedro Gómez scores
Enrique Rocha to third
Jack Sutherland to second
Batting: SHB Shoin Takuda 0-0: Ball
1-0: Ball
2-0: Ball
3-0: Called Strike
3-1: Called Strike
3-2: Foul Ball, location: 2F
3-2: Fly out, F7 (Flyball, 78M)
Top of the 9th over - 1 run, 2 hits, 0 errors, 3 left on base; Milton 3 - Tortolita 5
Tuesday, June 12th, 2018 - OOTP Baseball 18.8 Build 76